 Dungeon Crawl Stone Soup version 0.26.1-11-gd32895ea62 (webtiles) character file.

Game seed: 4964419431173233387

104 bobarctor the Grave Robber (level 4, -4/24 HPs)
             Began as a Deep Elf Necromancer on June 26, 2021.
             Slain by a centaur skeleton (7 damage)
             ... on level 3 of the Dungeon on June 27, 2021.
             The game lasted 00:10:04 (3728 turns).

bobarctor the Grave Robber (Deep Elf Necromancer)   Turns: 3728, Time: 00:10:05

Health: -4/24      AC:  2    Str:  5    XL:     4   Next: 52%
Magic:  13/13      EV: 13    Int: 21    God:
Gold:   142        SH:  0    Dex: 15    Spells: 4/13 levels left

rFire    . . .     SeeInvis .   c - +0 dagger
rCold    + . .     Faith    .   (no shield)
rNeg     + . .     Spirit   .   a - +0 robe
rPois    .         Reflect  .   (no helmet)
rElec    .         Harm     .   (no cloak)
rCorr    .         Rampage  .   (no gloves)
Will     .....                  (no boots)
Stlth    ++........             (no amulet)
HPRegen  0.08/turn              n - ring of positive energy
MPRegen  0.13/turn              x - ring of protection from cold

@: about to teleport
A: no striking features
a: no special abilities


You were on level 3 of the Dungeon.
You visited 1 branch of the dungeon, and saw 3 of its levels.

You collected 142 gold pieces.

Inventory:

Hand Weapons
 c - a +0 dagger (weapon)
Missiles
 b - 112 stones (quivered)
 f - 67 arrows
 m - 12 poisoned darts
Armour
 a - a +0 robe (worn)
Jewellery
 n - a ring of positive energy (left hand)
 x - a ring of protection from cold (right hand)
Wands
 u - a wand of random effects (8)
Scrolls
 e - a scroll of teleportation
 g - 3 scrolls of amnesia
 i - 4 scrolls of remove curse
 k - a scroll of magic mapping {unknown}
 l - 2 scrolls of fog
 o - a scroll of blinking {unknown}
 r - a scroll of noise {unknown}
 t - a scroll of enchant weapon {unknown}
Potions
 d - a potion of mutation {unknown}
 h - a potion of ambrosia {unknown}
 j - a potion of berserk rage {unknown}
 p - a potion of curing {unknown}
 q - a potion of brilliance {unknown}
 s - a potion of flight {unknown}
 v - a potion of might {unknown}
 w - a potion of lignification {unknown}
 z - a potion of cancellation {unknown}


   Skills:
 + Level 2.4 Dodging
 + Level 2.5 Stealth
 * Level 5.2 Spellcasting
 + Level 6.0 Necromancy


You had 4 spell levels left.
You knew the following spells:

 Your Spells              Type           Power        Failure   Level
a - Pain                  Necr           100%         1%          1
b - Animate Skeleton      Necr           60%          1%          1
c - Vampiric Draining     Necr           15%          2%          3
d - Animate Dead          Necr           15%          9%          4

Your spell library contained the following spells:

 Spells                   Type           Power        Failure   Level
 Agony                    Necr           30%          26%         5


Dungeon Overview and Level Annotations

Branches:
Dungeon (3/15)

Altars:
Ashenzari
Okawaru


Message History

The centaur skeleton closely misses you.
The centaur skeleton hits you.
You hit the centaur skeleton.
The centaur skeleton is moderately damaged.
The centaur skeleton closely misses you.
You hit the centaur skeleton.
The centaur skeleton is moderately damaged.
The centaur skeleton hits you.
You hit the centaur skeleton but do no damage.
The centaur skeleton is moderately damaged.
The centaur skeleton hits you. x2
* * * LOW HITPOINT WARNING * * *
The centaur skeleton hits you but does no damage.
The centaur skeleton hits you.
* * * LOW HITPOINT WARNING * * *
As you read the scroll of teleportation, it crumbles to dust.
You feel strangely unstable. The centaur skeleton hits you.
* * * LOW HITPOINT WARNING * * *
The centaur skeleton hits you!
You die...

....#...)....# ##.....###
)####...#.##.##### ##.........
.#⌠..#)##.⌠#.....######.........#
.#.........#......).............#
##.........##.#..######††.......#
..#.......#...#..# ##.......##
..†..._...'...#..# #.###..##
..#.......#...#..# #.# #.##
###.......#####.@# #.# #.#
.#..............Z# #.. ..#
.#⌠.#.'##.⌠#..##.# ##. ##
.##.#...####.###.#######
....#...#....# #.......#
..).#...#..### #######.#
.##.#####.## #.# .##.......# #(#
.########## #(#


You could see a centaur skeleton.

Vanquished Creatures
  2 adders
  2 oozes
  2 worms
  A dart slug (D:2)
  2 leopard geckos (D:3)
  5 orcs
  2 giant cockroaches
  8 goblins
  5 hobgoblins
  3 jackals (D:3)
  2 quokkas (D:3)
  6 bats
  5 frilled lizards
  10 kobolds
  8 rats
63 creatures vanquished.

Notes
Turn   | Place    | Note
-------+----------+-------------------------------------------
     0 | D:1      | bobarctor the Deep Elf Necromancer began the quest for the
                  | Orb.
     0 | D:1      | Reached XP level 1. HP: 10/10 MP: 6/6
   133 | D:1      | Reached skill level 5 in Necromancy
   152 | D:1      | Learned a level 1 spell: Animate Skeleton
   474 | D:1      | Reached XP level 2. HP: 13/15 MP: 6/8
  1767 | D:2      | Reached XP level 3. HP: 9/19 MP: 5/10
  1931 | D:2      | Learned a level 3 spell: Vampiric Draining
  2243 | D:2      | Found an iron altar of Okawaru.
  2801 | D:2      | Reached XP level 4. HP: 24/24 MP: 1/12
  2806 | D:2      | Learned a level 4 spell: Animate Dead
  3136 | D:3      | Reached skill level 6 in Necromancy
  3197 | D:3      | Reached skill level 5 in Spellcasting
  3434 | D:3      | Found a broken altar of Ashenzari.
  3728 | D:3      | Slain by a centaur skeleton

Illustrated notes

Levels and vault maps discovered:
D:1:      dpeg_arrival_rooms_c, layout_basic
D:2:      layout_rooms, kennysheep_okawaru_gauntlet
D:3:      layout_loops_ring, lemuel_zombie_altar_kikubaaqudgha,
          evilmike_ruin_ashenzari, gammafunk_ghost_smash,
          grunt_decor_mini_mirrors, grunt_ministairs_11

Skill      XL: |  1  2  3  4 |
---------------+-------------+-----
Necromancy     | 5 6 |  6.0
Spellcasting   | 4 5 |  5.2
Dodging        | |  2.4
Stealth        | |  2.5

Action                   |  1- 3 |  4- 6 || total
-------------------------+-------+-------++-------
Melee: Dagger            |       |     7 ||     7
Throw: Stone             |       |     2 ||     2
 Cast: Pain              |    66 |    27 ||    93
       Vampiric Draining |     7 |     6 ||    13
  Use: Scroll            |       |     5 ||     5
Armor: Robe              |     2 |     4 ||     6
Dodge: Dodged            |    13 |     7 ||    20
